 Dungeon Crawl Stone Soup version 0.28.0-45-g0d030f2227 (webtiles) character file.

Game seed: 3435071736143212164

22793 Diojiu the Eclecticist (level 13, -14/52 HPs)
             Began as a Vine Stalker Summoner on Apr 16, 2022.
             Was a High Priest of Hepliaklqana.
             Shot with an arrow by a centaur warrior (22 damage)
             ... on level 15 of the Dungeon.
             The game lasted 02:58:39 (19509 turns).

Diojiu the Eclecticist (Vine Stalker Summoner)     Turns: 19509, Time: 02:58:39

Health: -14/52     AC: 12    Str: 12    XL:     13   Next: 2%
Magic:  0/33       EV: 13    Int: 19    God:    Hepliaklqana [*****.]
Gold:   882        SH:  0    Dex: 15    Spells: 33/42 levels left

rFire   . . .      SeeInvis .   O - +2 glaive (flame)
rCold   + . .      Faith    .   (shield currently unavailable)
rNeg    + . .      Spirit   +   P - +2 steam dragon scales
rPois   +          Reflect  .   p - +0 helmet
rElec   .          Harm     .   w - +2 cloak {rPois}
rCorr   .          Rampage  .   G - +0 pair of gloves
Will    +....                   (no boots)
Stlth   +++.......              q - amulet of the acrobat
HPRegen 0.97/turn               i - ring of protection from cold
MPRegen 0.23/turn               l - ring of positive energy

@: no status effects
A: reduced essence, fangs 3, regeneration 1, magic shield, antimagic bite, no
potion heal 2
a: Renounce Religion, Recall Ancestor, Ancestor Identity, Transference, Idealise


You were on level 15 of the Dungeon.
You worshipped Hepliaklqana.
Hepliaklqana was extremely pleased with you.
You visited 3 branches of the dungeon, and saw 17 of its levels.

You collected 882 gold pieces.

Inventory:

Hand Weapons
 h - the +9 halberd of Waptinn {vorpal, Int+3}
   (You found it on level 15 of the Dungeon)

   It inflicts extra damage upon your enemies.
   Int:       It affects your intelligence (+3).
 O - a +2 glaive of flaming (weapon)
 V - a +4 dagger of flaming
 Y - a +2 trident of flaming
Missiles
 y - a throwing net
 z - 11 poisoned darts
 Q - 10 atropa-tipped darts
Armour
 o - an orb of light
 p - a +0 helmet (worn)
 t - a +2 buckler
 w - a +2 cloak of poison resistance (worn)
 E - a +2 leather armour of fire resistance
 G - a +0 pair of gloves (worn)
 P - +2 steam dragon scales (worn)
Magical Staves
 n - a staff of death
 v - a staff of cold
 J - a staff of fire
Jewellery
 b - a ring of poison resistance
 i - a ring of protection from cold (left hand)
 l - a ring of positive energy (right hand)
 q - an amulet of the acrobat (around neck)
 K - a ring of magical power
Wands
 d - a wand of paralysis (14)
 e - a wand of iceblast (8)
 r - a wand of flame (14)
 I - a wand of acid (6)
Scrolls
 a - 2 scrolls of fear
 c - 2 scrolls of immolation
 B - a scroll of identify
 D - a scroll of vulnerability {unknown}
 F - 5 scrolls of enchant weapon
 H - 2 scrolls of teleportation
 L - a scroll of magic mapping
 N - 3 scrolls of holy word
 R - a scroll of brand weapon
 U - a scroll of amnesia
 X - 2 scrolls of fog
 Z - a scroll of torment
Potions
 f - 4 potions of haste
 g - 3 potions of mutation
 j - 6 potions of curing
 k - a potion of cancellation {unknown}
 s - 2 potions of brilliance
 u - 3 potions of resistance
 x - 3 potions of lignification
 C - a potion of flight {unknown}
 M - a potion of might {unknown}


   Skills:
 + Level 1.6 Fighting
 - Level 2.8 Dodging
 + Level 4.3 Stealth
 + Level 15.1 Spellcasting
 - Level 1.1 Hexes
 + Level 14.9 Summonings


You had 33 spell levels left.
You knew the following spells:

 Your Spells              Type           Power      Damage    Failure   Level
a - Summon Small Mammal   Summ           100%       N/A       0%          1
b - Call Imp              Summ           63%        N/A       0%          2
c - Call Canine Familiar  Summ           63%        N/A       1%          3
d - Summon Guardian Gole  Hex/Summ       44%        N/A       1%          3

Your spell library contained the following spells:

 Spells                   Type           Power      Damage    Failure   Level
 Summon Lightning Spire   Summ/Air       42%        N/A       1%          4
 Beastly Appendage        Tmut           28%        N/A       4%          1
 Wereblood                Tmut           14%        N/A       7%          2
 Spider Form              Tmut/Pois      14%        N/A       13%         3
 Airstrike                Air            7%         N/A       41%         4
 Lightning Bolt           Conj/Air       7%         1d19      77%         5


Dungeon Overview and Level Annotations

Branches:
Dungeon (15/15)            Temple (1/1) D:7            Lair (0/6) D:9
    Orc (1/2) D:12         Vaults (0/5) D:13
 Depths: D:15

Altars:
Ashenzari
Cheibriados
Dithmenos
Elyvilon
Fedhas
Gozag
Hepliaklqana
Kikubaaqudgha
Makhleb
Nemelex Xobeh
Okawaru
Qazlal
Ru
Sif Muna
Trog
Uskayaw
Vehumet
Wu Jian
Xom
Yredelemnul
Zin
The Shining One

Annotations:
D:10 exclusion: knight
D:11 1 runed translucent door, 2 exclusions, Josephine; Sobaton's ghost, journeyman MiFi
D:12 1 runed translucent door, exclusions: orange crystal statue and 1 more exclusion


Innate Abilities, Weirdness & Mutations

Your life essence is reduced to manifest your ancestor. (-10% HP)
You have razor-sharp teeth.
Your natural rate of healing is unusually fast.
When hurt, damage is shared between your health and your magic reserves.
Your bite disrupts and absorbs the magic of your enemies.
Potions cannot restore your health.


Message History

Casting: Call Canine Familiar (safe; 1% risk of failure)
Confirm with . or Enter, or press ? or * to list all spells.
Your wolf disappears in a puff of smoke!
The centaur warrior unwields a +0 war axe.
The centaur warrior wields a +0 longbow.
The centaur warrior shoots an arrow.
The arrow hits you!
The centaur warrior unwields a +0 longbow.
The centaur warrior wields a +0 war axe.
The centaur warrior closely misses you.
The centaur warrior hits your wolf with a +0 war axe!
The centaur warrior closely misses you.
The catoblepas breathes a plume of calcifying dust at you.
The blast of calcifying dust hits your wolf.
The blast of calcifying dust hits you.
You are engulfed in calcifying dust.
Your wolf is engulfed in calcifying dust.
Your wolf is moving more slowly.
Your wolf bites the centaur warrior but does no damage.
The centaur warrior unwields a +0 war axe.
The centaur warrior wields a +0 longbow.
The centaur warrior shoots an arrow.
The arrow completely misses you.
Your wolf is engulfed in calcifying dust.
Your wolf stops moving altogether!
The centaur warrior shoots an arrow.
The arrow completely misses you.
The centaur warrior shoots an arrow.
The arrow hits you!!
The centaur warrior shoots an arrow.
The arrow hits you but does no damage.
The centaur warrior shoots an arrow.
The arrow closely misses you.
The centaur warrior shoots an arrow.
The arrow completely misses you.
The centaur warrior shoots an arrow.
The arrow completely misses you.
You start resting.
A centaur warrior is nearby!
The centaur warrior shoots an arrow.
The arrow hits you!
The centaur warrior shoots an arrow.
The arrow hits you!
* * * LOW HITPOINT WARNING * * *
There is a stone staircase leading up here.
You can't go down here!
The centaur warrior shoots an arrow.
The arrow hits you!
* * * LOW HITPOINT WARNING * * *
The centaur warrior shoots an arrow.
The arrow hits you!!
You die...

#[#§.##.###.#
#...h.......#
######..#+#####
.......○.c.....#
......☼§.....#c#
....?........#.#
.............#.#
.............#.#
.............#@#
##########+#.###
#..


You could see a centaur warrior.

Vanquished Creatures
  A yak (D:10)
  An acid dragon (D:10)
  A wolf (D:10)
  A bullfrog (D:8)
  3 scorpions (D:5)
  A water moccasin skeleton (D:6)
  A howler monkey (D:7)
  A centaur zombie (D:10)
  2 orc wizards
  A hound zombie (D:5)
  An adder (D:3)
  A dart slug (D:3)
  3 orcs
  4 endoplasms
  2 goblins
  2 hobgoblins
  2 jackals
  3 kobolds
  A bat (D:2)
  2 frilled lizards
  A rat (D:2)
35 creatures vanquished.

Vanquished Creatures (collateral kills)
  2 boulder beetles
  A hydra (D:13)
  Erolcha (D:13)
  A centaur warrior (D:12)
  2 dancing weapons (D:13)
  A two-headed ogre (D:10)
  A steelbarb worm (shapeshifter) (D:13)
  A deep elf pyromancer (D:14)
  A wizard (D:9)
  3 cyclopes (D:13)
  Joseph (D:9)
  Psyche (D:8)
  A kobold demonologist (D:13)
  Maggie (D:8)
  An unseen horror (D:13)
  A troll (D:12)
  A hornet (D:10)
  2 vampires
  A meliai zombie (D:11)
  10 yaks
  A shadow (D:10)
  8 wraiths
  5 wyverns
  Grum (D:9)
  5 vampire mosquitoes (D:14)
  A warg (D:12)
  A swamp worm (shapeshifter) (D:13)
  4 water moccasins
  An ice beast (D:7)
  3 orc warriors
  2 sky beasts
  A necrophage (D:12)
  2 wolves (D:9)
  An ogre (D:5)
  5 centaurs
  A kobold brigand (D:7)
  A bullfrog (D:7)
  A gnoll sergeant (D:10)
  2 scorpions
  12 killer bees
  A water moccasin skeleton (D:5)
  2 wights (D:12)
  9 howler monkeys
  5 centaur zombies
  A jelly (D:7)
  A bullfrog skeleton (D:4)
  3 centaur skeletons
  8 orc priests
  A gnoll shaman (D:6)
  A hound (D:7)
  4 iguanas
  8 orc wizards
  2 killer bee zombies
  A howler monkey zombie (D:6)
  2 howler monkey skeletons
  8 adders
  8 gnolls
  A white imp (D:5)
  3 worms
  4 dart slugs
  24 orcs
  2 ball pythons
  5 bats
  10 endoplasms
  A giant cockroach (D:1)
  4 goblins
  6 hobgoblins
  9 jackals
  2 quokkas
  4 frilled lizards
  11 kobolds
  2 rats
  3 bushes (D:9)
248 creatures vanquished.

Vanquished Creatures (others)
  A boulder beetle (D:12)
  2 death knights (D:13)
  A phantasmal warrior (D:13)
  A gargoyle (D:12)
  A wraith (D:13)
  6 knights
  An orc (D:12)
  4 fungi
  31 plants
  3 withered plants (D:12)
51 creatures vanquished.

Grand Total: 334 creatures vanquished

Notes
Turn   | Place    | Note
-------+----------+-------------------------------------------
     0 | D:1      | Diojiu the Vine Stalker Summoner began the quest for the
                  | Orb.
     0 | D:1      | Reached XP level 1. HP: 9/9 MP: 4/4
   343 | D:1      | Reached XP level 2. HP: 13/13 MP: 3/6
   527 | D:1      | Learned a level 2 spell: Call Imp
   709 | D:1      | Found a faded altar of an unknown god.
   944 | D:1      | Reached XP level 3. HP: 16/16 MP: 8/8
   954 | D:1      | Learned a level 3 spell: Call Canine Familiar
   978 | D:1      | Reached skill level 3 in Spellcasting
  1593 | D:2      | Gained mutation: Your natural rate of healing is unusually
                  | fast. [Vine Stalker growth]
  1593 | D:2      | Reached XP level 4. HP: 8/21 MP: 3/10
  2504 | D:2      | You fall into a shaft and drop 2 floors!
  2509 | D:4      | Reached skill level 5 in Summonings
  2511 | D:4      | Reached XP level 5. HP: 24/24 MP: 5/11
  2515 | D:4      | Reached skill level 4 in Spellcasting
  2993 | D:4      | Reached XP level 6. HP: 28/28 MP: 13/13
  5156 | D:5      | Entered Level 5 of the Dungeon
  5208 | D:5      | Reached skill level 5 in Spellcasting
  5320 | D:5      | Reached XP level 7. HP: 32/32 MP: 10/15
  6509 | D:6      | Reached skill level 6 in Spellcasting
  6738 | D:6      | Found a shimmering altar of Xom.
  6969 | D:6      | Gained mutation: You have razor-sharp teeth. [Vine Stalker
                  | growth]
  6969 | D:6      | Reached XP level 8. HP: 36/36 MP: 12/18
  7537 | D:5      | Reached skill level 7 in Spellcasting
  7874 | D:7      | Found a staircase to the Ecumenical Temple.
  7884 | Temple   | Entered the Ecumenical Temple
  8116 | Temple   | Became a worshipper of Hepliaklqana the Forgotten
  8402 | D:7      | Reached skill level 8 in Spellcasting
  8906 | D:7      | Reached XP level 9. HP: 39/39 MP: 14/22
  9157 | D:7      | Reached * piety under Hepliaklqana
  9974 | D:7      | Identified a scroll of acquirement
  9974 | D:7      | Acquired a +2 cloak of poison resistance
 10123 | D:8      | Noticed a troll
 10470 | D:8      | Noticed Maggie
 10618 | D:8      | Noticed Psyche
 10666 | D:9      | Noticed a wizard
 10669 | D:9      | Noticed Joseph
 10671 | D:9      | Reached ** piety under Hepliaklqana
 10682 | D:9      | Reached skill level 9 in Spellcasting
 10695 | D:9      | Noticed Grum
 10704 | D:10     | Entered Level 10 of the Dungeon
 10748 | D:10     | Reached skill level 10 in Summonings
 10998 | D:10     | Reached skill level 1 in Fighting
 10998 | D:10     | Reached XP level 10. HP: 29/40 MP: 9/24
 11010 | D:10     | Reached skill level 10 in Spellcasting
 11417 | D:10     | Noticed a two-headed ogre
 11462 | D:10     | Killed a two-headed ogre
 11736 | D:10     | Remembered your ancestor Böris as a knight
 12703 | D:9      | Reached *** piety under Hepliaklqana
 12861 | D:9      | Killed Grum
 12862 | D:9      | Reached skill level 11 in Spellcasting
 12915 | D:9      | Killed Joseph
 13210 | D:9      | Found a staircase to the Lair.
 13231 | D:9      | Reached XP level 11. HP: 44/44 MP: 21/27
 13372 | D:9      | Killed a wizard
 13947 | D:9      | Learned a level 3 spell: Summon Guardian Golem
 14244 | D:8      | Killed Psyche
 14245 | D:8      | Reached skill level 12 in Spellcasting
 14385 | D:8      | Killed Maggie
 14841 | D:11     | Reached skill level 1 in Hexes
 15162 | D:11     | Noticed Josephine
 15359 | D:11     | Found a runed translucent door.
 15363 | D:11     | Identified the +9 spear of Ivuz {vorpal, +Blink rF- SInv}
 15365 | D:11     | Noticed Sobaton's ghost (journeyman MiFi)
 15553 | D:12     | Noticed a boulder beetle
 16153 | D:12     | Noticed a centaur warrior
 16210 | D:12     | Reached **** piety under Hepliaklqana
 16240 | D:12     | Found a staircase to the Orcish Mines.
 16287 | D:12     | Killed a boulder beetle
 16288 | D:12     | Reached skill level 13 in Spellcasting
 16658 | D:12     | Killed a centaur warrior
 16659 | D:12     | Reached XP level 12. HP: 47/47 MP: 21/30
 16785 | D:12     | Found a runed translucent door.
 17087 | Orc:1    | Entered Level 1 of the Orcish Mines
 17227 | D:13     | Noticed a death knight
 17247 | D:13     | Killed a death knight
 17512 | D:13     | Noticed Erolcha
 17517 | D:13     | Killed Erolcha
 17689 | D:13     | Noticed a four-headed hydra
 17708 | D:13     | Killed a four-headed hydra
 17709 | D:13     | Reached skill level 14 in Spellcasting
 18071 | D:13     | Noticed a death knight
 18089 | D:13     | Killed a death knight
 18382 | D:13     | Found a gate to the Vaults.
 18390 | D:13     | Noticed a boulder beetle
 18406 | D:13     | Killed a boulder beetle
 18915 | D:14     | Noticed a centaur warrior
 19199 | D:14     | Noticed a boulder beetle
 19225 | D:14     | Killed a boulder beetle
 19226 | D:14     | Reached skill level 15 in Spellcasting
 19232 | D:14     | Reached XP level 13. HP: 37/52 MP: 22/33
 19345 | D:14     | Reached ***** piety under Hepliaklqana
 19440 | D:15     | Entered Level 15 of the Dungeon
 19482 | D:15     | Identified the +9 halberd of Waptinn {vorpal, Int+3}
 19495 | D:15     | Noticed a rakshasa
 19509 | D:15     | Shot with an arrow by a centaur warrior

Illustrated notes

Levels and vault maps discovered:
D:1:      lightli_arrival_noodles, layout_rooms,
          shapermc_ecumenical_altar_mp_vishouse, dk_noncrumbling_4
D:2:      layout_rooms, minmay_misc_feat_alley
D:3:      layout_loops_ring, serial_rivers, chequers_serial_rivers_micro_b,
          chequers_serial_rivers_micro_b, chequers_serial_rivers_small_a,
          chequers_serial_rivers_micro_d, chequers_serial_rivers_micro_e,
          chequers_serial_rivers_room_a, kennysheep_crisscross,
          chequers_serial_rivers_large_a
D:4:      layout_gridville
D:5:      layout_loops_cross
D:6:      layout_loops_ring, old_standard_altar, serial_bayou_lagoon_a,
          serial_bayou_pond_a
D:7:      layout_cave_pods, minmay_temple_entry_slanted, enter_ossuary_2
D:8:      layout_loops_corners, uniq_psyche, uniq_maggie
D:9:      layout_cross, minmay_lair_entry_grove, uniq_grum, uniq_joseph
D:10:     layout_stronghold
D:11:     layout_basic, ebering_ghost_funeral_grove, uniq_josephine
D:12:     layout_small_grid, erik_orc_4, serial_undead, serial_undead_b,
          serial_undead_e, serial_undead_b, serial_undead_e, eino_tiny_chamber,
          minmay_crystal_box
D:13:     layout_irregular_city, erik_vaults_1, minmay_fractal_squares_5,
          uniq_erolcha
D:14:     layout_loops_corners, glass_columns_a
D:15:     grunt_enter_depths_magical_seal, layout_basic,
          chequers_serial_rivers_small_b
Temple:   minmay_crystal_snake_temple
Orc:1:    layout_caves

Skill      XL: |  1  2  3  4  5  6  7  8  9 10 11 12 |
---------------+-------------------------------------+-----
Spellcasting   | 3 4 5 6 8 9 11 13 15 | 15.1
Summonings     | 5 6 7 8 10 12 13 14 | 14.9
Stealth        | 3 4 |  4.3
Fighting       | 1 |  1.6
Dodging        | 2 |  2.8
Hexes          | 1 |  1.1

Action                   |  1- 3 |  4- 6 |  7- 9 | 10-12 | 13-15 || total
-------------------------+-------+-------+-------+-------+-------++-------
Melee: Hand axe          |    25 |    17 |       |       |       ||    42
       Bite              |     4 |    14 |    22 |    18 |       ||    58
       Dagger            |       |    22 |    35 |       |       ||    57
       Halberd           |       |       |    50 |    43 |       ||    93
       Glaive            |       |       |       |    17 |       ||    17
 Cast: Summon Small Mamm |    24 |    26 |    31 |    30 |       ||   111
       Call Imp          |     7 |    19 |    45 |    55 |     3 ||   129
       Call Canine Famil |     6 |    28 |    54 |    75 |     8 ||   171
       Summon Guardian G |       |       |       |    20 |     1 ||    21
Invok: Recall Ancestor   |       |       |       |     5 |     1 ||     6
       Ancestor Life: Kn |       |       |       |     1 |       ||     1
       Ancestor Identity |       |       |       |     1 |       ||     1
  Use: Scroll            |       |       |    16 |     8 |       ||    24
       Potion            |       |       |     1 |     1 |       ||     2
 Stab: Sleeping          |       |     1 |       |       |       ||     1
       Distracted        |       |       |     1 |       |       ||     1
Armor: Robe              |     7 |     6 |    15 |    15 |       ||    43
       Steam dragon scal |       |       |       |    19 |     2 ||    21
Dodge: Dodged            |    24 |    30 |    66 |   133 |    17 ||   270
Block: Buckler           |       |     1 |     4 |       |       ||     5
